 Dungeon Crawl Stone Soup version 0.22-a0-248-gc8378ba (webtiles) character file.

254 sankara the Cudgeler (level 6, -3/48 HPs)
             Began as a Ghoul Skald on Feb 28, 2018.
             Blown up by Ijyb (7 damage)
             ... with a wand of disintegration (3)
             ... on level 4 of the Dungeon.
             The game lasted 00:16:19 (3953 turns).

sankara the Cudgeler (Ghoul Skald)                  Turns: 3953, Time: 00:16:20

Health: -3/48      AC:  8    Str: 15    XL:     6   Next: 14%
Magic:  1/9        EV: 17    Int: 15    God:
Gold:   154        SH:  0    Dex: 13    Spells: 4/10 levels left

rFire    . . .     SeeInvis .   h - +0 whip (curse)
rCold    + . .     Gourm    .   (no shield)
rNeg     + + +     Faith    .   b - +0 leather armour
rPois    ∞         Spirit   .   s - +1 helmet
rElec    .         Reflect  .   (no cloak)
rCorr    .         Harm     .   (no gloves)
MR       .....                  i - +2 pair of boots
Stlth    ++........             (no amulet)
HPRegen  0.00/turn              o - ring of flight {+Fly, !d}
MPRegen  0.11/turn              (no ring)

@: brilliant, agile, very slightly contaminated, rotting
A: rotting body, claws 1, carnivore, cold resistance 1, negative energy
resistance 3, inhibited regeneration, torment resistance, unbreathing
a: Evoke Flight


You were on level 4 of the Dungeon.
You were not hungry.

You visited 1 branch of the dungeon, and saw 4 of its levels.

You collected 154 gold pieces.

Inventory:

Hand Weapons
 h - a cursed +0 whip (weapon)
   (You took it off a kobold on level 1 of the Dungeon)
 m - a +4 dagger
   (You took it off a kobold on level 2 of the Dungeon)
Missiles
 d - 13 tomahawks (quivered)
 k - 119 stones
 r - 17 sling bullets
Armour
 b - a +0 leather armour (worn)
 i - a +2 pair of boots (worn)
   (You found it on level 1 of the Dungeon)
 s - a +1 helmet (worn)
   (You found it on level 2 of the Dungeon)
Jewellery
 o - a ring of flight (left claw) {+Fly, !d}
   (You found it on level 2 of the Dungeon)
Wands
 v - a wand of random effects (32)
   (You found it on level 4 of the Dungeon)
Scrolls
 a - 3 scrolls of random uselessness {unknown}
 e - 4 scrolls of teleportation {unknown}
 g - 2 scrolls of remove curse {unknown}
 j - 4 scrolls of identify {unknown}
 l - 2 scrolls of noise {unknown}
 p - a scroll of magic mapping {unknown}
 q - a scroll of enchant weapon {unknown}
 t - a scroll of fear {unknown}
Potions
 n - a potion of brilliance
Comestibles
 c - 6 rations


   Skills:
 - Level 2.1 Fighting
 * Level 3.8 Maces & Flails
 - Level 0.8 Armour
 - Level 1.7 Dodging
 + Level 2.7 Spellcasting
 + Level 3.5 Charms
 + Level 1.9 Necromancy
 - Level 1.0 Translocations


You had 4 spell levels left.
You knew the following spells:

 Your Spells              Type           Power        Failure   Level  Hunger
a - Infusion              Chrm           ###.         1%          1    #......
b - Shroud of Golubria    Chrm/Tloc      ###.......   1%          2    ##.....
c - Regeneration          Chrm/Necr      ###.......   3%          3    ###....


Dungeon Overview and Level Annotations

Branches:
Dungeon (4/15)
 Temple: D:4-7

Altars:
Fedhas
Ru
Xom

Annotations:
D:4 Ijyb


Innate Abilities, Weirdness & Mutations

Your body is rotting away.
You thrive on raw meat.
You are immune to poison.
You have sharp fingernails.
You are carnivorous and can eat meat at any time.
Your flesh is cold resistant. (rC+)
You are immune to negative energy. (rN+++)
You do not regenerate when monsters are visible.
You are immune to unholy pain and torment.
You can survive without breathing.


Message History

Your shroud begins to fray at the edges.
You hit Ijyb but do no damage. Ijyb barely misses you.
You hit Ijyb but do no damage. Ijyb hits you but does no damage.
You closely miss Ijyb. You closely miss Ijyb.
Your skin stops crawling.
Ijyb zaps a wand.
You are blasted!
Casting: Regeneration (safe; 34% risk of failure)
Confirm with . or Enter, or press ? or * to list all spells.
You miscast Regeneration.
You are very lightly contaminated with residual magic.
You sense a malignant aura.
Ijyb hits you but does no damage.
You hit Ijyb but do no damage. Ijyb misses you.
You hit Ijyb.
Ijyb is lightly wounded.
Your shroud unravels.
Ijyb zaps a wand.
You barely resist. You barely miss Ijyb.
Ijyb is lightly wounded.
Ijyb zaps a wand.
You are blasted!
Your leather armour prevents you from hitting Ijyb.
Ijyb is lightly wounded.
Ijyb barely misses you.
You hit Ijyb.
Ijyb is lightly wounded.
You hit Ijyb but do no damage.
Ijyb is lightly wounded.
Ijyb closely misses you.
You barely miss Ijyb.
Ijyb is lightly wounded.
Ijyb misses you.
You hit Ijyb but do no damage.
Ijyb is lightly wounded.
Ijyb hits you but does no damage.
You closely miss Ijyb.
Ijyb is lightly wounded.
Ijyb zaps a wand.
You are blasted!
Casting: Regeneration (safe; 34% risk of failure)
Confirm with . or Enter, or press ? or * to list all spells.
You miscast Regeneration.
You hear strange and distant voices.
Ijyb zaps a wand.
You are blasted!
Evoke which item? (* to show all) (? for menu, Esc to quit)
Aiming: Random Effects
Press: ? - help, Shift-Dir - straight line, f - Ijyb
Aim: Ijyb, wielding a club, wearing a chain mail and carrying a wand of disintegration (4) (lightly wounded) Ijyb seems to speed up.
Ijyb hits you but does no damage.
Evoke which item? (* to show all) (? for menu, Esc to quit)
Aiming: Random Effects
Press: ? - help, Shift-Dir - straight line, f/p - Ijyb
Aim: Ijyb, wielding a club, wearing a chain mail and carrying a wand of disintegration (4) (lightly wounded, fast)
The fireball explodes!
The fireball engulfs Ijyb.
Ijyb is moderately wounded.
The fireball engulfs you!
* * * LOW HITPOINT WARNING * * *
Ijyb hits you with a club.
* * * LOW HITPOINT WARNING * * *
Ijyb misses you.
Evoke which item? (* to show all) (? for menu, Esc to quit)
Aiming: Random Effects
Press: ? - help, Shift-Dir - straight line, f/p - Ijyb
Aim: Ijyb, wielding a club, wearing a chain mail and carrying a wand of disintegration (4) (moderately wounded, fast)
The puff of flame misses Ijyb.
Ijyb barely misses you.
Okay, then.
Eat a chunk of flesh {@w0}? (ye/n/q)
You eat the chunk of flesh {@w0}.
This raw flesh tastes great!
Ijyb screams, "Me stronger than you!" Ijyb hits you but does no damage.
Okay, then.
It was a potion of agility.
You feel agile all of a sudden. Ijyb closely misses you. x2
You closely miss Ijyb.
Ijyb is moderately wounded.
Ijyb misses you.
Okay, then.
You closely miss Ijyb.
Ijyb is moderately wounded.
Ijyb hits you with a club.
* * * LOW HITPOINT WARNING * * *
It was a potion of brilliance.
You feel clever all of a sudden. Ijyb barely misses you.
You closely miss Ijyb.
Ijyb is moderately wounded.
Ijyb misses you. Ijyb completely misses you.
You hit Ijyb but do no damage.
Ijyb is moderately wounded.
Ijyb closely misses you.
You hit Ijyb but do no damage.
Ijyb is moderately wounded.
Ijyb closely misses you.
You barely miss Ijyb.
Ijyb is moderately wounded.
Ijyb zaps a wand.
You are blasted!
* * * LOW HITPOINT WARNING * * *
You hit Ijyb but do no damage.
Ijyb is moderately wounded.
Ijyb completely misses you.
Ijyb zaps a wand.
You are blasted!
You die...

#...$...# #.....P
#.......# ##...#.P
#.......###......P
#................P # #
#.......#......... ..# #.
#.................
....#.###....#.#.#.......
[>.......................
........@................
..>.#.###g#....#.#.#.##..
## # #.#.#.##.........
..#.#....#.#..#..
.....######.#.....
.....%. #.##.... .....
#.. .... g..... ... ...#
........


You could see Ijyb.

Vanquished Creatures
  An orc priest (D:4)
  A hound (D:4)
  2 bullfrog skeletons (D:4)
  3 adders
  3 oozes
  2 worms (D:2)
  A dart slug (D:1)
  2 leopard geckos
  13 orcs (D:3)
  8 bats
  3 giant cockroaches
  9 hobgoblins
  4 jackals (D:2)
  4 quokkas
  2 frilled lizards
  5 goblins
  6 kobolds
  8 rats
77 creatures vanquished.

Notes
Turn   | Place    | Note
-------+----------+-------------------------------------------
     0 | D:1      | sankara the Ghoul Skald began the quest for the Orb.
     0 | D:1      | Reached XP level 1. HP: 17/17 MP: 2/2
   178 | D:1      | Reached skill level 2 in Maces & Flails
   226 | D:1      | Reached XP level 2. HP: 24/24 MP: 3/3
   230 | D:1      | Learned a level 2 spell: Shroud of Golubria
   328 | D:1      | Reached skill level 2 in Spellcasting
   785 | D:1      | Reached XP level 3. HP: 29/29 MP: 5/5
   790 | D:1      | Learned a level 3 spell: Regeneration
  1156 | D:2      | Reached skill level 3 in Charms
  1560 | D:2      | You fall through a shaft!
  1584 | D:3      | Reached XP level 4. HP: 27/36 MP: 6/6
  1672 | D:3      | Reached skill level 1 in Translocations
  1684 | D:3      | HP: 7/36 [orc/trident (9)]
  1687 | D:3      | HP: 1/36 [orc/trident (9)]
  1983 | D:3      | Reached skill level 3 in Maces & Flails
  2232 | D:2      | Reached skill level 1 in Necromancy
  2481 | D:2      | Found a shimmering altar of Xom.
  2481 | D:2      | Found a sacrificial altar of Ru.
  3052 | D:4      | Reached XP level 5. HP: 18/41 MP: 7/7
  3456 | D:4      | HP: 10/40 [quokka (1)]
  3716 | D:4      | Found a blossoming altar of Fedhas.
  3799 | D:4      | Reached XP level 6. HP: 44/48 MP: 7/9
  3918 | D:4      | Noticed Ijyb
  3942 | D:4      | HP: 11/48 [shot self (8)]
  3942 | D:4      | HP: 5/48 [Ijyb/club (6)]
  3947 | D:4      | HP: 11/48 [Ijyb/club (1)]
  3952 | D:4      | HP: 4/48 [disintegration (7)]
  3953 | D:4      | Blown up by Ijyb

Vault maps used:
D:1:      matt_arrival_spirals
D:2:      nicolae_overflow_hidden_temple
D:3:      minmay_crystal_water
D:4:      lemuel_round_altar, first_ration, fedhas_bush_and_centaur_altar,
          uniq_edmund, uniq_ijyb, uniq_crazy_yiuf_cottage

Skill      XL: |  1  2  3  4 |
---------------+-------------+-----
Maces & Flails | 2 3 |  3.8
Spellcasting   | 2 |  2.7
Charms         | 3 |  3.5
Translocations | 1 |  1.0
Necromancy     | 1 |  1.9
Fighting       | |  2.1
Armour         | |  0.8
Dodging        | |  1.7

Action                   |  1- 3 |  4- 6 || total
-------------------------+-------+-------++-------
Melee: Mace              |    22 |       ||    22
       Whip              |   106 |   301 ||   407
Throw: Tomahawk          |       |     3 ||     3
 Cast: Shroud of Golubri |    13 |    17 ||    30
       Infusion          |     3 |     4 ||     7
       Regeneration      |       |     1 ||     1
 Abil: Evoke Flight      |       |     1 ||     1
Evoke: Wand              |       |     3 ||     3
  Use: Potion            |     3 |     2 ||     5
  Eat: Chunk             |     5 |    23 ||    28
Armor: Leather armour    |    57 |   119 ||   176
Dodge: Dodged            |   106 |   194 ||   300

Table legend:
 A = Spawn XP
 B = Non-spawn XP
 C = Spawn XP percentage of total XP
 D = Spawn monster count
 E = Non-spawn monster count
 F = Spawn count percentage of total count
 G = Total turns spent on level
                    A         B        C        D         E        F      G
               +---------+---------+-------+---------+---------+-------+---------
         Total |       0 |     363 |   0.0 |       0 |      77 |   0.0 |  3953
               +---------+---------+-------+---------+---------+-------+---------
           D:1 |       0 |      34 |   0.0 |       0 |      17 |   0.0 |  1141
           D:2 |       0 |      58 |   0.0 |       0 |      21 |   0.0 |   832
           D:3 |       0 |      70 |   0.0 |       0 |      30 |   0.0 |  1176
           D:4 |       0 |     201 |   0.0 |       0 |       9 |   0.0 |   804
               +---------+---------+-------+---------+---------+-------+---------

Vault maps used:
D:1:      matt_arrival_spirals
D:2:      nicolae_overflow_hidden_temple
D:3:      minmay_crystal_water
D:4:      lemuel_round_altar, first_ration, fedhas_bush_and_centaur_altar,
          uniq_edmund, uniq_ijyb, uniq_crazy_yiuf_cottage

Table legend:
 A = Turns spent in this place as a percentage of turns spent in the entire game.
 B = Non-inter-level travel turns spent in this place as a percentage of non-inter-level travel turns spent in the entire game.
 C = Inter-level travel turns spent in this place as a percentage of turns spent in this place.
 D = Turns resting spent in this place as a percentage of non-inter-level travel turns spent in this place.
 E = Turns spent auto-exploring this place as a percentage of non-inter-level travel turns spent in this place.
 F = Non-inter-level travel turns spent in this place divided by the number of levels of this place that you've seen.
                   A       B       C       D       E      F
               +-------+-------+-------+-------+-------+----------------------
         Total | 100.0 | 100.0 |   2.7 |  34.1 |  40.3 | 961.5
       Dungeon | 100.0 | 100.0 |   2.7 |  34.1 |  40.3 | 961.5
               +-------+-------+-------+-------+-------+----------------------

Table legend:
 A = Kills in this place as a percentage of kills in entire the game.
 B = Kills by you in this place as a percentage of kills by you in the entire game.
 C = Kills by friends in this place as a percentage of kills by friends in the entire game.
 D = Other kills in this place as a percentage of other kills in the entire game.
 E = Experience gained in this place as a percentage of experience gained in the entire game.
 F = Experience gained in this place divided by the number of levels of this place that you have seen.
                   A       B       C       D       E      F
               +-------+-------+-------+-------+-------+----------------------
         Total | 100.0 | 100.0 |   N/A |   N/A | 100.0 |  90.8
       Dungeon | 100.0 | 100.0 |   N/A |   N/A | 100.0 |  90.8
               +-------+-------+-------+-------+-------+----------------------
